Predators vs Sharks
Created - December 6, 2023 at 19:11
Goals
|
| Predators |
0 |
0 |
1 |
1 |
| Sharks |
0 |
0 |
0 |
0 |
|
Shots
|
| Predators |
4 |
12 |
7 |
23 |
| Sharks |
10 |
12 |
11 |
33 |
|
1st period
No Goal
Penalties :
Gustav Nyquist (S.J) for Roughing (Minor) at 2:44, John Moore (Nas) for Hooking (Minor) at 14:32
2nd period
No Goal
Penalties :
Wayne Simmonds (S.J) for Hooking (Minor) at 0:22, Ronalds Kenins (S.J) for Slashing (Minor) at 15:47
3rd period
1. Predators , Claude Giroux 8 (Ryan Mcdonagh 11, Jack Eichel 12) at 14:35
Penalties :
Jaden Schwartz (Nas) for Interference (Minor) at 5:12, Claude Giroux (Nas) for Roughing (Minor) at 15:16
Goalie Stats
Kari Lehtonen (Nas), 33 saves from 33 shots - (1.000), W, 3-3-0, 60:00 minutes
Philipp Grubauer (S.J), 22 saves from 23 shots - (0.957), L, 8-8-2, 59:01 minutes
Players Stats for Predators
Player Name G A P +/- PIM S H SB GA TA FO MP PP MP PK MP
------------------------------------------------------------------------------------
Alexander Ovechkin 0 0 0 0 0 0 1 0 0 0 1/1 15:46 2:45 1:05
Andreas Englund 0 0 0 0 0 0 0 1 0 0 0/0 16:16 0:03 2:26
Andy Miele 0 0 0 0 0 2 3 1 0 0 3/9 16:50 2:45 2:08
Claude Giroux 1 0 1 1 2 4 2 1 1 1 2/3 19:10 3:09 0:13
Jack Eichel 0 1 1 1 0 2 2 0 0 0 11/22 17:38 3:00 0:19
Jaden Schwartz 0 0 0 0 2 3 1 1 2 0 4/8 17:42 1:48 2:27
John Moore 0 0 0 0 2 2 0 2 0 1 0/0 22:08 2:26 1:55
Josh Morrissey 0 0 0 0 0 1 0 0 0 0 0/0 15:52 0:51 0:00
Justin Faulk 0 0 0 1 0 3 1 1 0 1 0/0 24:51 3:31 4:02
Mark McNeill 0 0 0 0 0 1 1 0 0 2 0/0 8:46 0:34 0:00
Mark Pysyk 0 0 0 0 0 0 1 0 0 0 0/0 15:12 0:00 3:26
Markus Granlund 0 0 0 0 0 1 0 0 0 0 1/3 9:42 0:00 1:11
Mikael Granlund 0 0 0 1 0 0 2 2 0 0 0/2 18:27 3:09 0:00
Nicolas Kerdiles 0 0 0 0 0 1 3 1 0 0 0/0 9:58 0:00 1:05
Reilly Smith 0 0 0 0 0 0 1 1 0 0 0/0 12:41 0:41 0:00
Ryan Mcdonagh 0 1 1 1 0 2 3 0 0 0 0/0 26:00 3:31 3:31
Scott Laughton 0 0 0 0 0 1 3 0 0 0 3/3 11:46 0:00 0:00
Travis Dermott 0 0 0 0 0 0 0 1 0 0 0/0 15:15 1:32 0:00
Players Stats for Sharks
Player Name G A P +/- PIM S H SB GA TA FO MP PP MP PK MP
------------------------------------------------------------------------------------
Andreas Martinsen 0 0 0 0 0 1 1 0 0 0 0/0 11:48 0:00 1:10
Beau Bennett 0 0 0 0 0 0 0 0 0 0 0/0 10:43 0:05 0:00
Boone Jenner 0 0 0 -1 0 3 0 0 1 0 15/29 22:30 3:20 2:15
Brendan Gaunce 0 0 0 0 0 3 0 0 0 0 3/5 11:32 0:00 1:10
Connor Murphy 0 0 0 -1 0 1 0 0 0 1 0/0 11:42 0:00 0:42
Conor Sheary 0 0 0 0 0 3 0 2 0 0 1/2 15:56 2:37 0:00
Daniel Carcillo 0 0 0 0 0 0 1 0 1 1 0/0 7:40 0:00 0:31
Dion Phaneuf 0 0 0 0 0 1 2 0 0 0 0/0 20:35 2:32 1:38
Drew Doughty 0 0 0 0 0 4 1 3 0 0 0/0 27:43 3:25 3:37
Gustav Nyquist 0 0 0 0 2 0 0 0 1 0 0/0 7:44 0:00 0:31
Markus Nutivaara 0 0 0 -1 0 0 0 0 0 0 0/0 11:42 0:00 0:42
Mike Lundin 0 0 0 0 0 2 2 2 0 1 0/0 27:43 3:25 3:37
Oscar Sundqvist 0 0 0 0 0 4 1 0 1 0 4/8 18:02 2:37 2:01
Ronalds Kenins 0 0 0 -1 2 3 0 1 1 0 1/1 22:32 3:20 2:15
Tyler Cuma 0 0 0 0 0 0 1 0 0 0 0/0 20:35 2:32 1:38
Vince Hinostroza 0 0 0 0 0 0 1 0 0 0 1/1 7:22 0:00 0:00
Wayne Simmonds 0 0 0 -1 2 5 0 3 0 0 1/5 20:09 3:15 0:00
Zach Parise 0 0 0 0 0 3 1 0 0 0 0/0 18:02 2:37 2:01
3 Stars
1 - Kari Lehtonen (Nas)
2 - Claude Giroux (Nas)
3 - Ryan Mcdonagh (Nas)
Power Play
Predators - 0 on 3 Attempt(s) - 0.00%
Sharks - 0 on 3 Attempt(s) - 0.00%
Penalty Kill
Predators - 3 on 3 Attempt(s) - 100.00%
- Score 0 goal in Penalty Kill
Sharks - 3 on 3 Attempt(s) - 100.00%
- Score 0 goal in Penalty Kill
Team Stat
Predators - Hits : 24 - Faceoff Wins : 25 - Blocked Shots : 12 - Penalty Minutes : 6
Sharks - Hits : 11 - Faceoff Wins : 26 - Blocked Shots : 11 - Penalty Minutes : 6
Official
Referees : Brian Pochmara and Corey Syvret
Linesman : Jesse Marquis and Brian Mach
Game Notes
No Game Note
Finance
Level 1 -- Attendance: 6000 (100.00%) -- Ticket Income $600,000
Level 2 -- Attendance: 5000 (100.00%) -- Ticket Income $300,000
Level 3 -- Attendance: 2000 (100.00%) -- Ticket Income $70,000
Level 4 -- Attendance: 3912 (97.80%) -- Ticket Income $97,800
Luxury Box -- Attendance: 965 (96.50%) -- Ticket Income $193,000
Game was played at the SAP Center.
Total Attendance: 17877 (99.32%)
Total Ticket Income: $1,260,800
Other Income: $189,120
Total Income: $1,449,920
Predators
5 vs 5 Forward
Center Left Wing Right Wing Time % Phy DF OF
1 Jack Eichel Claude Giroux Mikael Granlund 40 1 2 2
2 Andy Miele Alexander Ovechkin Reilly Smith 30 1 2 2
3 Scott Laughton Jaden Schwartz Mark Pysyk 20 1 2 2
4 Markus Granlund Nicolas Kerdiles Mark McNeill 10 1 2 2
5 vs 5 Defense
Defense Defense Time % Phy DF OF
1 Ryan Mcdonagh Justin Faulk 40 1 2 2
2 John Moore Josh Morrissey 30 1 2 2
3 Andreas Englund Travis Dermott 20 1 2 2
4 John Moore Ryan Mcdonagh 10 1 2 2
PowerPlay Forward
Center Left Wing Right Wing Time % Phy DF OF
1 Jack Eichel Claude Giroux Mikael Granlund 60 1 1 3
2 Andy Miele Alexander Ovechkin Jaden Schwartz 40 1 1 3
PowerPlay Defense
Defense Defense Time % Phy DF OF
1 Ryan Mcdonagh Justin Faulk 60 1 1 3
2 John Moore Travis Dermott 40 1 1 3
Penalty Kill 4 Players Forward
Center Wing Time % Phy DF OF
1 Jaden Schwartz Mark Pysyk 60 1 2 2
2 Andy Miele Nicolas Kerdiles 40 1 3 1
Penalty Kill 4 Players Defense
Defense Defense Time % Phy DF OF
1 Ryan Mcdonagh Justin Faulk 60 1 3 1
2 John Moore Andreas Englund 40 1 3 1
Penalty Kill - 3 Players Forward
Forward Time % Phy DF OF
1 Mark Pysyk 60 1 3 1
2 Jaden Schwartz 40 1 3 1
Penalty Kill - 3 Players Defense
Defense Defense Time % Phy DF OF
1 Ryan Mcdonagh Justin Faulk 60 1 3 1
2 John Moore Andreas Englund 40 1 3 1
4 vs 4 Forward
Center Wing Time % Phy DF OF
1 Mikael Granlund Claude Giroux 60 1 2 2
2 Jaden Schwartz Alexander Ovechkin 40 1 2 2
4 vs 4 Defense
Defense Defense Time % Phy DF OF
1 Ryan Mcdonagh Justin Faulk 60 1 2 2
2 John Moore Josh Morrissey 40 1 2 2
Last Minutes Offensive
Center Left Wing Right Wing Defense Defense
Jack Eichel Claude Giroux Mikael Granlund Ryan Mcdonagh Justin Faulk
Last Minutes Defensive
Center Left Wing Right Wing Defense Defense
Andy Miele Claude Giroux Mikael Granlund Ryan Mcdonagh John Moore
Goaltenders
Starting : Kari Lehtonen
Backup : Michal Neuvirth
Extra Forwards
Normal : Jaden Schwartz, Nicolas Kerdiles, Scott Laughton - PP : Reilly Smith, Alexander Ovechkin - PK : Markus Granlund
Extra Defensemen
Normal : Justin Faulk, Travis Dermott, Andreas Englund - PP : Travis Dermott - PK : Justin Faulk, Andreas Englund
Penalty Shots
Claude Giroux, Alexander Ovechkin, Mikael Granlund, Jack Eichel, Ryan Mcdonagh
Custom OT Lines Forwards
Claude Giroux, Mikael Granlund, Alexander Ovechkin, Jack Eichel, Jaden Schwartz, Andy Miele, Reilly Smith, Nicolas Kerdiles, Scott Laughton, Markus Granlund
Custom OT Lines Defensemen
Ryan Mcdonagh, John Moore, Justin Faulk, Josh Morrissey, Andreas Englund
Scratches
Joel Armia (Healthy)
Sharks
5 vs 5 Forward
Center Left Wing Right Wing Time % Phy DF OF
1 Boone Jenner Ronalds Kenins Wayne Simmonds 40 0 2 3
2 Oscar Sundqvist Zach Parise Conor Sheary 30 0 2 3
3 Brendan Gaunce Andreas Martinsen Beau Bennett 20 0 2 3
4 Gustav Nyquist Daniel Carcillo Vince Hinostroza 10 1 2 2
5 vs 5 Defense
Defense Defense Time % Phy DF OF
1 Drew Doughty Mike Lundin 40 0 2 3
2 Dion Phaneuf Tyler Cuma 30 0 2 3
3 Markus Nutivaara Connor Murphy 20 1 2 2
4 Drew Doughty Mike Lundin 10 1 2 2
PowerPlay Forward
Center Left Wing Right Wing Time % Phy DF OF
1 Boone Jenner Ronalds Kenins Wayne Simmonds 60 0 2 3
2 Oscar Sundqvist Zach Parise Conor Sheary 40 0 2 3
PowerPlay Defense
Defense Defense Time % Phy DF OF
1 Drew Doughty Mike Lundin 60 0 2 3
2 Dion Phaneuf Tyler Cuma 40 0 2 3
Penalty Kill 4 Players Forward
Center Wing Time % Phy DF OF
1 Boone Jenner Ronalds Kenins 60 1 4 0
2 Oscar Sundqvist Zach Parise 40 1 4 0
Penalty Kill 4 Players Defense
Defense Defense Time % Phy DF OF
1 Drew Doughty Mike Lundin 60 1 4 0
2 Dion Phaneuf Tyler Cuma 40 1 4 0
Penalty Kill - 3 Players Forward
Forward Time % Phy DF OF
1 Boone Jenner 60 1 4 0
2 Oscar Sundqvist 40 1 4 0
Penalty Kill - 3 Players Defense
Defense Defense Time % Phy DF OF
1 Drew Doughty Mike Lundin 60 1 4 0
2 Dion Phaneuf Tyler Cuma 40 1 4 0
4 vs 4 Forward
Center Wing Time % Phy DF OF
1 Boone Jenner Ronalds Kenins 60 1 2 2
2 Oscar Sundqvist Zach Parise 40 1 2 2
4 vs 4 Defense
Defense Defense Time % Phy DF OF
1 Drew Doughty Mike Lundin 60 1 2 2
2 Dion Phaneuf Tyler Cuma 40 1 2 2
Last Minutes Offensive
Center Left Wing Right Wing Defense Defense
Boone Jenner Ronalds Kenins Wayne Simmonds Drew Doughty Mike Lundin
Last Minutes Defensive
Center Left Wing Right Wing Defense Defense
Boone Jenner Ronalds Kenins Wayne Simmonds Drew Doughty Mike Lundin
Goaltenders
Starting : Philipp Grubauer
Backup : Malcolm Subban
Extra Forwards
Normal : Boone Jenner, Oscar Sundqvist, Beau Bennett - PP : Boone Jenner, Oscar Sundqvist - PK : Boone Jenner
Extra Defensemen
Normal : Tyler Cuma, Markus Nutivaara, Connor Murphy - PP : Tyler Cuma - PK : Tyler Cuma, Markus Nutivaara
Penalty Shots
Ronalds Kenins, Wayne Simmonds, Conor Sheary, Zach Parise, Boone Jenner
Custom OT Lines Forwards
Ronalds Kenins, Wayne Simmonds, Conor Sheary, Zach Parise, Boone Jenner, Oscar Sundqvist, Beau Bennett, Andreas Martinsen, Daniel Carcillo, Brendan Gaunce
Custom OT Lines Defensemen
Drew Doughty, Mike Lundin, Dion Phaneuf, Tyler Cuma, Markus Nutivaara
Scratches
Arturs Kulda (Healthy), Brandon Kozun (Healthy), MacKenzie Weegar (Healthy)
% Time on Ice - Predators
Lines # - Real PCT - Wanted PCT - Time Play
Normal Forward
1 - 32% - 40% - 15:03
2 - 25% - 30% - 11:56
3 - 25% - 20% - 11:46
4 - 17% - 10% - 8:08
Normal Defense
1 - 37% - 40% - 17:18
2 - 35% - 30% - 16:17
3 - 27% - 20% - 12:30
4 - 2% - 10% - 0:48
PP Forward
1 - 54% - 60% - 3:12
2 - 46% - 40% - 2:45
PP Defense
1 - 59% - 60% - 3:31
2 - 41% - 40% - 2:26
PK Forward
1 - 82% - 60% - 4:52
2 - 18% - 40% - 1:05
PK Defense
1 - 59% - 60% - 3:31
2 - 41% - 40% - 2:26
PK3 Forward
1 - 0% - 60%
2 - 0% - 40%
PK3 Defense
1 - 0% - 60%
2 - 0% - 40%
44 Forward
1 - 0% - 60%
2 - 0% - 40%
44 Defense
1 - 0% - 60%
2 - 0% - 40%
Last Minute Offensive - 0:00
Last Minute Defensive - 1:13
Total
Forward - 60:00
Defense - 60:00
|
% Time on Ice - Sharks
Lines # - Real PCT - Wanted PCT - Time Play
Normal Forward
1 - 34% - 40% - 15:45
2 - 29% - 30% - 13:40
3 - 22% - 20% - 10:22
4 - 15% - 10% - 7:06
Normal Defense
1 - 38% - 40% - 18:01
2 - 35% - 30% - 16:25
3 - 23% - 20% - 10:39
4 - 4% - 10% - 1:48
PP Forward
1 - 56% - 60% - 3:20
2 - 44% - 40% - 2:37
PP Defense
1 - 57% - 60% - 3:25
2 - 43% - 40% - 2:32
PK Forward
1 - 66% - 60% - 3:56
2 - 34% - 40% - 2:01
PK Defense
1 - 73% - 60% - 4:19
2 - 27% - 40% - 1:38
PK3 Forward
1 - 0% - 60%
2 - 0% - 40%
PK3 Defense
1 - 0% - 60%
2 - 0% - 40%
44 Forward
1 - 0% - 60%
2 - 0% - 40%
44 Defense
1 - 0% - 60%
2 - 0% - 40%
Last Minute Offensive - 1:13
Last Minute Defensive - 0:00
Total
Forward - 60:00
Defense - 60:00
|
Play-by-Play
1st period
0:01 of 1st period - Boone Jenner wins face-off versus Jack Eichel in neutral zone.
0:06 of 1st period - Wayne Simmonds is hit by Jack Eichel and loses puck.
0:15 of 1st period - Wrist shot by Mikael Granlund.
0:15 of 1st period - Shot Misses the Net.
0:17 of 1st period - Slapshot by Justin Faulk.
0:17 of 1st period - Stopped by Philipp Grubauer without a rebound.
0:18 of 1st period - Andy Miele wins face-off versus Oscar Sundqvist in Sharks zone.
0:25 of 1st period - Snap shot by Andy Miele.
0:25 of 1st period - Shot Misses the Net.
0:33 of 1st period - Alexander Ovechkin is hit by Tyler Cuma and loses puck.
0:50 of 1st period - Wrist shot by Brendan Gaunce.
0:50 of 1st period - Shot Misses the Net.
1:55 of 1st period - Wrist shot by Oscar Sundqvist.
1:55 of 1st period - Shot Blocked by Andy Miele.
1:57 of 1st period - Snap shot by Mike Lundin.
1:57 of 1st period - Shot Misses the Net.
2:09 of 1st period - Brendan Gaunce is hit by Scott Laughton and loses puck.
2:44 of 1st period - Minor Penalty to Gustav Nyquist for Roughing.
2:45 of 1st period - Jack Eichel wins face-off versus Boone Jenner in Sharks zone.
4:00 of 1st period - Mike Lundin is hit by Andy Miele and loses puck.
4:15 of 1st period - Brendan Gaunce is hit by Ryan Mcdonagh and loses puck.
4:44 of 1st period - Penalty to Gustav Nyquist is over, Gustav Nyquist is back on ice.
4:58 of 1st period - Wrist shot by Brendan Gaunce.
4:58 of 1st period - Deflect By Andreas Englund.
4:58 of 1st period - Stopped by Kari Lehtonen with a rebound.
5:38 of 1st period - Wrist shot by Conor Sheary.
5:38 of 1st period - Stopped by Kari Lehtonen with a rebound.
5:40 of 1st period - Slapshot by Mike Lundin.
5:40 of 1st period - Deflect By Oscar Sundqvist.
5:40 of 1st period - Shot Hit the Post.
5:40 of 1st period - Puck is out of play.
5:41 of 1st period - Oscar Sundqvist wins face-off versus Jack Eichel in Predators zone.
5:46 of 1st period - Snap shot by Conor Sheary.
5:46 of 1st period - Shot Misses the Net.
6:04 of 1st period - Drew Doughty is hit by Andy Miele and loses puck.
6:13 of 1st period - Wrist shot by Andy Miele.
6:13 of 1st period - Stopped by Philipp Grubauer without a rebound.
6:14 of 1st period - Jack Eichel wins face-off versus Oscar Sundqvist in Sharks zone.
7:46 of 1st period - Ronalds Kenins is hit by Claude Giroux and loses puck.
9:45 of 1st period - Backhand shot by Brendan Gaunce.
9:45 of 1st period - Stopped by Kari Lehtonen with a rebound.
9:47 of 1st period - Slapshot by Andreas Martinsen.
9:47 of 1st period - Stopped by Kari Lehtonen without a rebound.
9:48 of 1st period - Jack Eichel wins face-off versus Boone Jenner in Predators zone.
9:58 of 1st period - Icing by Dion Phaneuf.
9:59 of 1st period - Wayne Simmonds wins face-off versus Jack Eichel in Sharks zone.
9:59 of 1st period - Wayne Simmonds is hit by Jack Eichel.
10:07 of 1st period - Snap shot by Ronalds Kenins.
10:07 of 1st period - Shot Misses the Net.
10:54 of 1st period - Zach Parise is hit by Scott Laughton.
11:10 of 1st period - Slapshot by Nicolas Kerdiles.
11:10 of 1st period - Shot Misses the Net.
11:17 of 1st period - Icing by Drew Doughty.
11:18 of 1st period - Brendan Gaunce wins face-off versus Jack Eichel in Sharks zone.
11:39 of 1st period - Slapshot by Beau Bennett.
11:39 of 1st period - Deflect By Brendan Gaunce.
11:39 of 1st period - Stopped by Kari Lehtonen without a rebound.
11:40 of 1st period - Boone Jenner wins face-off versus Andy Miele in Predators zone.
11:43 of 1st period - Snap shot by Drew Doughty.
11:43 of 1st period - Deflect By Wayne Simmonds.
11:43 of 1st period - Shot Misses the Net.
11:43 of 1st period - Puck is out of play.
11:44 of 1st period - Boone Jenner wins face-off versus Andy Miele in Predators zone.
11:53 of 1st period - Snap shot by Ronalds Kenins.
11:53 of 1st period - Stopped by Kari Lehtonen without a rebound.
11:54 of 1st period - Jack Eichel wins face-off versus Wayne Simmonds in Predators zone.
11:54 of 1st period - Jack Eichel is hit by Mike Lundin.
12:10 of 1st period - Slapshot by Drew Doughty.
12:10 of 1st period - Shot Misses the Net.
12:30 of 1st period - Slapshot by Andy Miele.
12:30 of 1st period - Stopped by Philipp Grubauer with a rebound.
12:32 of 1st period - Slapshot by Ryan Mcdonagh.
12:32 of 1st period - Shot Misses the Net.
14:18 of 1st period - Slapshot by Boone Jenner.
14:18 of 1st period - Shot Misses the Net.
14:32 of 1st period - Minor Penalty to John Moore for Hooking.
14:33 of 1st period - Jaden Schwartz wins face-off versus Boone Jenner in Predators zone.
14:42 of 1st period - Slapshot by Mark Pysyk.
14:42 of 1st period - Shot Misses the Net.
14:51 of 1st period - Off-side.
14:52 of 1st period - Jaden Schwartz wins face-off versus Conor Sheary in neutral zone.
15:03 of 1st period - Wrist shot by Oscar Sundqvist.
15:03 of 1st period - Stopped by Kari Lehtonen with a rebound.
15:25 of 1st period - Snap shot by Wayne Simmonds.
15:25 of 1st period - Stopped by Kari Lehtonen with a rebound.
15:27 of 1st period - Slapshot by Wayne Simmonds.
15:27 of 1st period - Shot Blocked by Justin Faulk.
15:29 of 1st period - Slapshot by Wayne Simmonds.
15:29 of 1st period - Stopped by Kari Lehtonen without a rebound.
15:30 of 1st period - Boone Jenner wins face-off versus Jaden Schwartz in Predators zone.
15:31 of 1st period - Snap shot by Ronalds Kenins.
15:31 of 1st period - Shot Misses the Net.
15:33 of 1st period - Wrist shot by Dion Phaneuf.
15:33 of 1st period - Stopped by Kari Lehtonen without a rebound.
15:34 of 1st period - Jaden Schwartz wins face-off versus Boone Jenner in Predators zone.
16:32 of 1st period - Penalty to John Moore is over, John Moore is back on ice.
16:52 of 1st period - Slapshot by John Moore.
16:52 of 1st period - Shot Misses the Net.
16:54 of 1st period - Slapshot by Justin Faulk.
16:54 of 1st period - Deflect By Vince Hinostroza.
16:54 of 1st period - Stopped by Philipp Grubauer without a rebound.
16:55 of 1st period - Jack Eichel wins face-off versus Boone Jenner in Sharks zone.
17:56 of 1st period - Icing by Andreas Martinsen.
17:57 of 1st period - Brendan Gaunce wins face-off versus Markus Granlund in Sharks zone.
18:50 of 1st period - Snap shot by Scott Laughton.
18:50 of 1st period - Deflect By Mark Pysyk.
18:50 of 1st period - Shot Misses the Net.
18:50 of 1st period - Puck is out of play.
18:51 of 1st period - Boone Jenner wins face-off versus Jaden Schwartz in Sharks zone.
Goals for this period are 0 for Predators vs 0 for Sharks.
Shots for this period are 4 for Predators vs 10 for Sharks.
2nd period
0:01 of 2nd period - Claude Giroux wins face-off versus Boone Jenner in neutral zone.
0:10 of 2nd period - Snap shot by Mikael Granlund.
0:10 of 2nd period - Shot Misses the Net.
0:12 of 2nd period - Snap shot by Mikael Granlund.
0:12 of 2nd period - Shot Hit the Post.
0:14 of 2nd period - Wrist shot by Claude Giroux.
0:14 of 2nd period - Shot Blocked by Mike Lundin.
0:16 of 2nd period - Snap shot by Jack Eichel.
0:16 of 2nd period - Shot Misses the Net.
0:22 of 2nd period - Minor Penalty to Wayne Simmonds for Hooking.
0:23 of 2nd period - Boone Jenner wins face-off versus Jack Eichel in Sharks zone.
0:56 of 2nd period - Andy Miele is hit by Zach Parise and loses puck.
1:48 of 2nd period - Off-side.
1:49 of 2nd period - Andy Miele wins face-off versus Boone Jenner in neutral zone.
2:22 of 2nd period - Penalty to Wayne Simmonds is over, Wayne Simmonds is back on ice.
2:41 of 2nd period - Off-side.
2:42 of 2nd period - Alexander Ovechkin wins face-off versus Brendan Gaunce in neutral zone.
3:07 of 2nd period - Conor Sheary is hit by Claude Giroux and loses puck.
3:38 of 2nd period - Snap shot by Ronalds Kenins.
3:38 of 2nd period - Shot Misses the Net.
3:42 of 2nd period - Slapshot by Drew Doughty.
3:42 of 2nd period - Stopped by Kari Lehtonen with a rebound.
3:52 of 2nd period - Slapshot by Drew Doughty.
3:52 of 2nd period - Stopped by Kari Lehtonen without a rebound.
3:53 of 2nd period - Vince Hinostroza wins face-off versus Andy Miele in Predators zone.
4:51 of 2nd period - Snap shot by Drew Doughty.
4:51 of 2nd period - Stopped by Kari Lehtonen with a rebound.
5:01 of 2nd period - Drew Doughty is hit by Andy Miele and loses puck.
5:06 of 2nd period - Snap shot by Andy Miele.
5:06 of 2nd period - Shot Misses the Net.
5:08 of 2nd period - Slapshot by Reilly Smith.
5:08 of 2nd period - Shot Misses the Net.
5:10 of 2nd period - Slapshot by Alexander Ovechkin.
5:10 of 2nd period - Shot Misses the Net.
5:12 of 2nd period - Slapshot by Ryan Mcdonagh.
5:12 of 2nd period - Stopped by Philipp Grubauer with a rebound.
5:22 of 2nd period - Snap shot by Nicolas Kerdiles.
5:22 of 2nd period - Shot Blocked by Drew Doughty.
5:24 of 2nd period - Wrist shot by John Moore.
5:24 of 2nd period - Stopped by Philipp Grubauer with a rebound.
5:26 of 2nd period - Slapshot by Josh Morrissey.
5:26 of 2nd period - Shot Misses the Net.
5:28 of 2nd period - Snap shot by Mark McNeill.
5:28 of 2nd period - Shot Misses the Net.
5:30 of 2nd period - Slapshot by John Moore.
5:30 of 2nd period - Stopped by Philipp Grubauer with a rebound.
5:32 of 2nd period - Snap shot by John Moore.
5:32 of 2nd period - Shot Blocked by Wayne Simmonds.
5:46 of 2nd period - John Moore is hit by Daniel Carcillo and loses puck.
6:11 of 2nd period - Slapshot by Jaden Schwartz.
6:11 of 2nd period - Stopped by Philipp Grubauer with a rebound.
6:23 of 2nd period - Reilly Smith is hit by Oscar Sundqvist and loses puck.
6:44 of 2nd period - Slapshot by Nicolas Kerdiles.
6:44 of 2nd period - Shot Blocked by Wayne Simmonds.
6:46 of 2nd period - Snap shot by Josh Morrissey.
6:46 of 2nd period - Deflect By Markus Nutivaara.
6:46 of 2nd period - Stopped by Philipp Grubauer with a rebound.
6:48 of 2nd period - Snap shot by Mark McNeill.
6:48 of 2nd period - Shot Blocked by Ronalds Kenins.
6:50 of 2nd period - Wrist shot by Nicolas Kerdiles.
6:50 of 2nd period - Deflect By Mark McNeill.
6:50 of 2nd period - Stopped by Philipp Grubauer without a rebound.
6:51 of 2nd period - Ronalds Kenins wins face-off versus Claude Giroux in Sharks zone.
7:04 of 2nd period - Wrist shot by Ronalds Kenins.
7:04 of 2nd period - Stopped by Kari Lehtonen with a rebound.
7:40 of 2nd period - Off-side.
7:41 of 2nd period - Scott Laughton wins face-off versus Brendan Gaunce in neutral zone.
7:44 of 2nd period - Slapshot by Travis Dermott.
7:44 of 2nd period - Shot Blocked by Mike Lundin.
7:46 of 2nd period - Slapshot by Jaden Schwartz.
7:46 of 2nd period - Shot Misses the Net.
8:25 of 2nd period - Drew Doughty is hit by Jaden Schwartz and loses puck.
8:44 of 2nd period - Snap shot by Oscar Sundqvist.
8:44 of 2nd period - Stopped by Kari Lehtonen without a rebound.
8:45 of 2nd period - Jack Eichel wins face-off versus Boone Jenner in Predators zone.
9:17 of 2nd period - Snap shot by Connor Murphy.
9:17 of 2nd period - Shot Blocked by John Moore.
9:19 of 2nd period - Slapshot by Connor Murphy.
9:19 of 2nd period - Stopped by Kari Lehtonen with a rebound.
9:57 of 2nd period - Mike Lundin is hit by Mikael Granlund.
10:03 of 2nd period - Snap shot by Mikael Granlund.
10:03 of 2nd period - Shot Blocked by Drew Doughty.
12:26 of 2nd period - Alexander Ovechkin is hit by Mike Lundin and loses puck.
12:33 of 2nd period - Drew Doughty is hit by Alexander Ovechkin and loses puck.
13:00 of 2nd period - Snap shot by Claude Giroux.
13:00 of 2nd period - Shot Misses the Net.
13:12 of 2nd period - Snap shot by Nicolas Kerdiles.
13:12 of 2nd period - Shot Blocked by Drew Doughty.
13:14 of 2nd period - Slapshot by Nicolas Kerdiles.
13:14 of 2nd period - Shot Misses the Net.
13:20 of 2nd period - Snap shot by Markus Granlund.
13:20 of 2nd period - Stopped by Philipp Grubauer with a rebound.
13:30 of 2nd period - Drew Doughty is hit by Reilly Smith and loses puck.
13:43 of 2nd period - Snap shot by Mike Lundin.
13:43 of 2nd period - Stopped by Kari Lehtonen without a rebound.
13:44 of 2nd period - Scott Laughton wins face-off versus Boone Jenner in Predators zone.
13:48 of 2nd period - Off-side.
13:49 of 2nd period - Scott Laughton wins face-off versus Boone Jenner in neutral zone.
13:54 of 2nd period - Wayne Simmonds is hit by Scott Laughton and loses puck.
14:20 of 2nd period - Slapshot by Wayne Simmonds.
14:20 of 2nd period - Stopped by Kari Lehtonen with a rebound.
14:22 of 2nd period - Wrist shot by Tyler Cuma.
14:22 of 2nd period - Shot Blocked by Travis Dermott.
14:30 of 2nd period - Snap shot by Boone Jenner.
14:30 of 2nd period - Shot Misses the Net.
15:47 of 2nd period - Minor Penalty to Ronalds Kenins for Slashing.
15:48 of 2nd period - Oscar Sundqvist wins face-off versus Jack Eichel in Sharks zone.
15:52 of 2nd period - Zach Parise is hit by Ryan Mcdonagh and loses puck.
16:27 of 2nd period - Zach Parise is hit by Justin Faulk and loses puck.
17:36 of 2nd period - Gustav Nyquist is hit by Mark McNeill.
17:40 of 2nd period - Andy Miele is hit by Drew Doughty and loses puck.
17:47 of 2nd period - Penalty to Ronalds Kenins is over, Ronalds Kenins is back on ice.
17:55 of 2nd period - Snap shot by Oscar Sundqvist.
17:55 of 2nd period - Stopped by Kari Lehtonen without a rebound.
17:56 of 2nd period - Oscar Sundqvist wins face-off versus Markus Granlund in Predators zone.
17:57 of 2nd period - Wrist shot by Zach Parise.
17:57 of 2nd period - Shot Misses the Net.
17:59 of 2nd period - Wrist shot by Conor Sheary.
17:59 of 2nd period - Stopped by Kari Lehtonen with a rebound.
18:01 of 2nd period - Snap shot by Zach Parise.
18:01 of 2nd period - Stopped by Kari Lehtonen with a rebound.
18:03 of 2nd period - Wrist shot by Tyler Cuma.
18:03 of 2nd period - Shot Misses the Net.
18:05 of 2nd period - Snap shot by Oscar Sundqvist.
18:05 of 2nd period - Stopped by Kari Lehtonen without a rebound.
18:06 of 2nd period - Brendan Gaunce wins face-off versus Jack Eichel in Predators zone.
18:17 of 2nd period - Wrist shot by Brendan Gaunce.
18:17 of 2nd period - Shot Blocked by Claude Giroux.
18:30 of 2nd period - Icing by Alexander Ovechkin.
18:31 of 2nd period - Andy Miele wins face-off versus Oscar Sundqvist in Predators zone.
18:38 of 2nd period - Slapshot by Justin Faulk.
18:38 of 2nd period - Shot Blocked by Conor Sheary.
18:59 of 2nd period - Snap shot by Jack Eichel.
18:59 of 2nd period - Stopped by Philipp Grubauer with a rebound.
19:01 of 2nd period - Slapshot by Ryan Mcdonagh.
19:01 of 2nd period - Deflect By Jack Eichel.
19:01 of 2nd period - Shot Misses the Net.
19:01 of 2nd period - Puck is out of play.
19:02 of 2nd period - Boone Jenner wins face-off versus Jack Eichel in Sharks zone.
19:23 of 2nd period - Snap shot by Claude Giroux.
19:23 of 2nd period - Stopped by Philipp Grubauer without a rebound.
19:24 of 2nd period - Conor Sheary wins face-off versus Andy Miele in Sharks zone.
19:31 of 2nd period - Snap shot by Oscar Sundqvist.
19:31 of 2nd period - Shot Misses the Net.
19:39 of 2nd period - Snap shot by Alexander Ovechkin.
19:39 of 2nd period - Deflect By Andy Miele.
19:39 of 2nd period - Shot Misses the Net.
19:39 of 2nd period - Puck is out of play.
19:40 of 2nd period - Jack Eichel wins face-off versus Boone Jenner in Sharks zone.
19:47 of 2nd period - Wrist shot by Claude Giroux.
19:47 of 2nd period - Deflect By Jack Eichel.
19:47 of 2nd period - Stopped by Philipp Grubauer with a rebound.
19:49 of 2nd period - Slapshot by Ryan Mcdonagh.
19:49 of 2nd period - Deflect By Mike Lundin.
19:49 of 2nd period - Stopped by Philipp Grubauer with a rebound.
19:51 of 2nd period - Snap shot by Claude Giroux.
19:51 of 2nd period - Stopped by Philipp Grubauer with a rebound.
19:53 of 2nd period - Wrist shot by Mikael Granlund.
19:53 of 2nd period - Shot Misses the Net.
19:55 of 2nd period - Backhand shot by Mikael Granlund.
19:55 of 2nd period - Shot Misses the Net.
Goals for this period are 0 for Predators vs 0 for Sharks.
Shots for this period are 12 for Predators vs 12 for Sharks.
3rd period
0:01 of 3rd period - Boone Jenner wins face-off versus Mikael Granlund in neutral zone.
0:43 of 3rd period - Wrist shot by Jaden Schwartz.
0:43 of 3rd period - Stopped by Philipp Grubauer with a rebound.
0:45 of 3rd period - Snap shot by Mark Pysyk.
0:45 of 3rd period - Shot Misses the Net.
1:27 of 3rd period - Wayne Simmonds is hit by Ryan Mcdonagh and loses puck.
1:50 of 3rd period - Slapshot by Andy Miele.
1:50 of 3rd period - Shot Misses the Net.
2:08 of 3rd period - Wrist shot by Jaden Schwartz.
2:08 of 3rd period - Stopped by Philipp Grubauer with a rebound.
2:10 of 3rd period - Wrist shot by Scott Laughton.
2:10 of 3rd period - Stopped by Philipp Grubauer without a rebound.
2:11 of 3rd period - Boone Jenner wins face-off versus Jaden Schwartz in Sharks zone.
2:57 of 3rd period - Wrist shot by Markus Granlund.
2:57 of 3rd period - Shot Blocked by Conor Sheary.
3:08 of 3rd period - Slapshot by Zach Parise.
3:08 of 3rd period - Shot Blocked by Nicolas Kerdiles.
3:33 of 3rd period - Snap shot by Zach Parise.
3:33 of 3rd period - Stopped by Kari Lehtonen with a rebound.
3:57 of 3rd period - Slapshot by Claude Giroux.
3:57 of 3rd period - Stopped by Philipp Grubauer without a rebound.
3:58 of 3rd period - Jack Eichel wins face-off versus Wayne Simmonds in Sharks zone.
4:48 of 3rd period - Vince Hinostroza is hit by Nicolas Kerdiles and loses puck.
4:55 of 3rd period - Slapshot by Nicolas Kerdiles.
4:55 of 3rd period - Shot Misses the Net.
5:12 of 3rd period - Minor Penalty to Jaden Schwartz for Interference.
5:13 of 3rd period - Markus Granlund wins face-off versus Wayne Simmonds in Predators zone.
5:55 of 3rd period - Snap shot by Zach Parise.
5:55 of 3rd period - Stopped by Kari Lehtonen with a rebound.
6:13 of 3rd period - Boone Jenner is hit by Mark Pysyk and loses puck.
7:12 of 3rd period - Penalty to Jaden Schwartz is over, Jaden Schwartz is back on ice.
8:39 of 3rd period - Drew Doughty is hit by Nicolas Kerdiles and loses puck.
9:22 of 3rd period - Jack Eichel is hit by Vince Hinostroza and loses puck.
9:29 of 3rd period - Daniel Carcillo is hit by Mikael Granlund and loses puck.
10:04 of 3rd period - Slapshot by Justin Faulk.
10:04 of 3rd period - Stopped by Philipp Grubauer with a rebound.
10:12 of 3rd period - Wrist shot by Reilly Smith.
10:12 of 3rd period - Shot Hit the Post.
11:22 of 3rd period - Markus Granlund is hit by Andreas Martinsen and loses puck.
11:39 of 3rd period - Oscar Sundqvist is hit by Nicolas Kerdiles and loses puck.
11:57 of 3rd period - Wrist shot by Mike Lundin.
11:57 of 3rd period - Deflect By Travis Dermott.
11:57 of 3rd period - Stopped by Kari Lehtonen without a rebound.
11:58 of 3rd period - Jack Eichel wins face-off versus Wayne Simmonds in Predators zone.
12:00 of 3rd period - Icing by Travis Dermott.
12:01 of 3rd period - Jack Eichel wins face-off versus Boone Jenner in Predators zone.
12:36 of 3rd period - Snap shot by Brendan Gaunce.
12:36 of 3rd period - Deflect By Andreas Martinsen.
12:36 of 3rd period - Shot Blocked by Mikael Granlund.
12:36 of 3rd period - Puck is out of play.
12:37 of 3rd period - Boone Jenner wins face-off versus Andy Miele in Predators zone.
12:50 of 3rd period - Snap shot by Boone Jenner.
12:50 of 3rd period - Shot Misses the Net.
12:52 of 3rd period - Snap shot by Wayne Simmonds.
12:52 of 3rd period - Stopped by Kari Lehtonen without a rebound.
12:53 of 3rd period - Claude Giroux wins face-off versus Oscar Sundqvist in Predators zone.
13:29 of 3rd period - Snap shot by Andy Miele.
13:29 of 3rd period - Shot Blocked by Wayne Simmonds.
14:11 of 3rd period - Jaden Schwartz is hit by Dion Phaneuf and loses puck.
14:22 of 3rd period - Scott Laughton is hit by Dion Phaneuf and loses puck.
14:29 of 3rd period - Snap shot by Wayne Simmonds.
14:29 of 3rd period - Stopped by Kari Lehtonen without a rebound.
14:30 of 3rd period - Jack Eichel wins face-off versus Boone Jenner in Predators zone.
14:35 of 3rd period - Wrist shot by Claude Giroux.
14:35 of 3rd period - Goal by Claude Giroux - Predators : 1 - Sharks : 0.
14:36 of 3rd period - Boone Jenner wins face-off versus Jack Eichel in neutral zone.
14:49 of 3rd period - Snap shot by Wayne Simmonds.
14:49 of 3rd period - Shot Misses the Net.
14:51 of 3rd period - Snap shot by Boone Jenner.
14:51 of 3rd period - Stopped by Kari Lehtonen without a rebound.
14:52 of 3rd period - Oscar Sundqvist wins face-off versus Andy Miele in Predators zone.
15:09 of 3rd period - Wrist shot by Conor Sheary.
15:09 of 3rd period - Stopped by Kari Lehtonen without a rebound.
15:10 of 3rd period - Boone Jenner wins face-off versus Jack Eichel in Predators zone.
15:11 of 3rd period - Wrist shot by Ronalds Kenins.
15:11 of 3rd period - Deflect By Jack Eichel.
15:11 of 3rd period - Stopped by Kari Lehtonen without a rebound.
15:12 of 3rd period - Boone Jenner wins face-off versus Jack Eichel in Predators zone.
15:16 of 3rd period - Minor Penalty to Claude Giroux for Roughing.
15:17 of 3rd period - Boone Jenner wins face-off versus Jaden Schwartz in Predators zone.
16:26 of 3rd period - Snap shot by Nicolas Kerdiles.
16:26 of 3rd period - Stopped by Philipp Grubauer with a rebound.
17:16 of 3rd period - Penalty to Claude Giroux is over, Claude Giroux is back on ice.
17:30 of 3rd period - Wrist shot by Brendan Gaunce.
17:30 of 3rd period - Shot Blocked by John Moore.
17:32 of 3rd period - Backhand shot by Beau Bennett.
17:32 of 3rd period - Shot Blocked by Andreas Englund.
18:34 of 3rd period - Snap shot by Vince Hinostroza.
18:34 of 3rd period - Shot Blocked by Reilly Smith.
19:01 of 3rd period - Sharks, Philipp Grubauer is pulled from the net.
19:05 of 3rd period - Slapshot by Boone Jenner.
19:05 of 3rd period - Shot Blocked by Mikael Granlund.
19:07 of 3rd period - Wrist shot by Boone Jenner.
19:07 of 3rd period - Stopped by Kari Lehtonen without a rebound.
19:08 of 3rd period - Patrick Roy call a timeout for Sharks.
19:08 of 3rd period - Jaden Schwartz wins face-off versus Boone Jenner in Predators zone.
19:15 of 3rd period - Snap shot by Drew Doughty.
19:15 of 3rd period - Shot Blocked by Jaden Schwartz.
19:25 of 3rd period - Snap shot by Boone Jenner.
19:25 of 3rd period - Stopped by Kari Lehtonen with a rebound.
19:39 of 3rd period - Snap shot by Drew Doughty.
19:39 of 3rd period - Stopped by Kari Lehtonen without a rebound.
19:40 of 3rd period - Boone Jenner wins face-off versus Mikael Granlund in Predators zone.
Goals for this period are 1 for Predators vs 0 for Sharks.
Shots for this period are 7 for Predators vs 11 for Sharks.